 Dungeon Crawl Stone Soup version 0.31-a0-846-gb3bcc0d938 (console) character file.

Game seed: 4900031585819386195

20 petzl the Sneak (level 3, -4/29 HPs)
             Began as a Formicid Delver on Oct 3, 2023.
             Was an Initiate of Vehumet.
             Slain by an iguana (12 damage)
             ... on level 5 of the Dungeon.
             The game lasted 00:03:22 (472 turns).

petzl the Sneak (Formicid Delver)                    Turns: 472, Time: 00:03:22

Health: -4/29      AC:  5    Str: 16    XL:     3   Next: 0%
Magic:  6/6        EV: 11    Int: 11    God:    Vehumet [......]
Gold:   0          SH:  0    Dex: 15    Spells: 6/6 levels left

rFire   . . .        a - +0 quarterstaff
rCold   . . .        (no shield)
rNeg    . . .        i - +0 ring mail
rPois   .            (helmet unavailable)
rElec   .            (no cloak)
rCorr   .            (no gloves)
SInv    +            (no boots)
Will    .....        (no amulet)
Stlth   +++          (no ring)
HPRegen 0.24/turn    (no ring)
MPRegen 0.10/turn

%: no passive effects
@: no status effects
A: permanent stasis, dig shafts and tunnels, antennae 3, four strong arms
a: Dig, Shaft Self, Renounce Religion


You were on level 5 of the Dungeon.
You worshipped Vehumet.
Vehumet was noncommittal.
You visited 2 branches of the dungeon, and saw 5 of its levels.

Inventory:

Hand Weapons
 a - a +0 quarterstaff (weapon)
 e - a +0 mace
Missiles
 h - a stone
Armour
 b - a +0 leather armour
 i - a +0 ring mail (worn)
Wands
 f - a wand of digging (3)
Scrolls
 c - a scroll of fog
 d - a scroll of revelation
 g - a scroll of enchant weapon {unknown}


   Skills:
 - Level 3.2 Fighting
 - Level 2.0 Maces & Flails
 - Level 1.7 Dodging
 - Level 6.0 Stealth
 + Level 2.3 Spellcasting


You had 6 spell levels left.
You didn't know any spells.
Your spell library was empty.

Dungeon Overview and Level Annotations

Branches:
Dungeon (7/15)             Temple (1/1) D:7

Altars:
Ashenzari
Elyvilon
Gozag
Nemelex Xobeh
Sif Muna
Trog
Vehumet
Xom
Zin
The Shining One

Annotations:
D:6 exclusion: sleepcap


Innate Abilities, Weirdness & Mutations

You cannot be hasted, slowed, berserked, paralysed or teleported.
You can dig through walls and to a lower floor.
You have a pair of large antennae on your head. (SInv)
Your four strong arms can wield two-handed weapons with a shield.


Message History

The adder bites you.
You are poisoned.
The adder poisons you! The adder bites you but does no damage.
You barely miss the adder.
The adder is almost dead.
You feel sick. The adder barely misses you.
You sock the adder!
You kill the adder!
Vehumet accepts your kill.
You feel sick.
Your Spellcasting skill increases to level 2!
You have reached level 3!
Your experience leads to an increase in your attributes!
Increase (S)trength, (I)ntelligence, or (D)exterity?
You feel clever. x2
Unknown command.
You start resting.
You feel sick. x2
You are no longer poisoned.
You start resting.
Magic restored.
You start resting.
HP restored.
You climb upwards.
The iguana closely misses you. x2
There is a stone staircase leading down here.
The iguana bites you!
You climb downwards.
There is a stone staircase leading up here.
You hit the iguana but do no damage.
The iguana bites you but does no damage.
You hit the iguana.
The iguana is lightly wounded.
The iguana bites you!
* * * LOW HITPOINT WARNING * * *
Okay, then.
You aren't carrying any potions.
Okay, then.
You hit the iguana.
The iguana is moderately wounded.
The iguana bites you!
You die...

#.# .# #.# ..#{ #.# ..#
##.# #..# ... ...#{ #.#
####...#
##########.######.@†...#
#.................l...##{
#..........#####......#
#..........# #......#
#..........# #......#
#.>........# #.......#
#..........# #........#
############ #.......##
######...# ...J


You could see an iguana.

Vanquished Creatures
  2 adders
  An orc (D:7)
3 creatures vanquished.

Notes
Turn   | Place    | Note
-------+----------+-------------------------------------------
     0 | D:5      | petzl the Formicid Delver began the quest for the Orb.
     0 | D:5      | Reached XP level 1. HP: 18/18 MP: 1/1
    62 | D:7      | Noticed a sleepcap
    72 | D:7      | Found a staircase to the Ecumenical Temple.
    81 | Temple   | Entered the Ecumenical Temple
   123 | Temple   | Became a worshipper of Vehumet
   165 | D:7      | Noticed a wight
   267 | D:6      | Noticed a sleepcap
   316 | D:5      | Noticed a jelly
   330 | D:4      | Reached skill level 1 in Spellcasting
   330 | D:4      | Reached XP level 2. HP: 18/24 MP: 1/4
   371 | D:4      | Noticed a phantom
   384 | D:5      | Reached XP level 3. HP: 11/29 MP: 4/6
   472 | D:5      | Slain by an iguana

Illustrated notes

Levels and vault maps discovered:
D:4:      layout_cave_pools, hellmonk_okawaru_the_only_friend_you_need,
          serial_demonic, serial_demonic_c, serial_demonic_g, serial_demonic_b,
          serial_demonic_f
D:5:      wander_river, layout_basic, nicolae_overflow_hidden_temple,
          dk_vineyard_1, nicolae_half_adder
D:6:      layout_basic, kennysheep_vampire_church, fedhas_altar_4,
          kennysheep_mini_moat, nicolae_elevator_lobby_asterisk, uniq_eustachio
D:7:      layout_gridville, mainiacjoe_overflow_big_doors,
          minmay_temple_entry_trees, hangedman_glass_teeth,
          uniq_crazy_yiuf_cottage
Temple:   cyrus_temple_forest

Skill      XL: |  1  2 |
---------------+-------+-----
Spellcasting   | 1 2 |  2.3
Fighting       | |  3.2
Maces & Flails | |  2.0
Dodging        | |  1.7
Stealth        | |  6.0

Action                     || total
---------------------------++-------
  Melee: Quarterstaff      ||    17
         Mace              ||     1
    Use: Scroll            ||     1
 Armour: Ring mail         ||    20
  Dodge: Dodged            ||    14

Table legend: (Time is in decaauts)
 A = Elapsed time spent in this place.
 B = Non-inter-level travel time spent in this place.
 C = Inter-level travel time spent in this place.
 D = Time resting spent in this place.
 E = Time spent auto-exploring this place.
 F = Levels seen in this place.
 G = Mean time per level.
                   A        B        C        D        E       F      G
               +--------+--------+--------+--------+--------+-----+--------+
         Total |    480 |    382 |     98 |    139 |     35 |   5 |   96.0 |
       Dungeon |    357 |    341 |     16 |    115 |     35 |   4 |   89.2 |
        Temple |    122 |     40 |     82 |     24 |      0 |   1 |  122.0 |
               +--------+--------+--------+--------+--------+-----+--------+

Top non-repeatable levels by time:
     D:5: 160 daAuts
  Temple: 122 daAuts
     D:6: 104 daAuts
     D:7: 68 daAuts
     D:4: 25 daAuts
